AoeStats
← Conqueeftador

Arena

510211451Analyzed
4v4 RM · 23h ago on Sep 30, 2026· 24m 5s· 8 players
Game mode
Random Map
Map size
Large (8 player)
Population
200
Speed
Normal
Resources
Standard
Victory
Conquest
Starting age
Dark Age
Ending age
Imperial Age
RankedLock teamsTeams togetherTeam positionsShared explorationLock speedFull tech treeHidden civsTurbo modeCheats
Victory
Defeat
🇳🇿 Spanish · New Zealand
763
+9
🇺🇸 Malians · United States
737
+9
🇺🇸 Varangians · United States
713
+10
🇺🇸 Persians · United States
610
+14
🇧🇷 Byzantines · Brazil
718
-15
🇨🇱 Sicilians · Chile
591
-11
🇧🇷 Lithuanians · Brazil
539
-9
🇨🇦 Berbers · Canada
485
-7
CoWarDly DoG
0:27 Loom
10:14 Feudal Age
10:40 Double-Bit Axe
14:48 Horse Collar
18:40 Castle Age
Conqueeftador
12:33 Feudal Age
14:10 Double-Bit Axe
15:21 Horse Collar
TH*[KL]
0:41 Loom
16:44 Feudal Age
17:13 Double-Bit Axe
18:08 Wheelbarrow
18:34 Horse Collar
lesterwood
18:06 Feudal Age
16:22 Loom
20:29 Wheelbarrow
19:37 Horse Collar
drtySASQUATCH69
0:32 Loom
18:32 Feudal Age
20:22 Wheelbarrow
19:37 Double-Bit Axe
19:37 Horse Collar
19:53 Gold Mining
19:58 Stone Mining
24:42 Castle Age
23:00 Forging
22:52 Scale Mail Armor
22:42 Arson
Hitman4Hire24
0:29 Loom
12:58 Feudal Age
14:15 Wheelbarrow
13:29 Double-Bit Axe
13:33 Town Watch
13:32 Horse Collar
13:45 Gold Mining
13:57 Stone Mining
19:00 Man-at-Arms
19:27 Arson
25:43 Castle Age
24:16 Forging
DK3175
12:00 Feudal Age
17:12 Castle Age
15:13 Double-Bit Axe
17:12 Horse Collar
21:21 Heavy Plow
Zukomazi
12:37 Feudal Age
13:57 Horse Collar
14:10 Double-Bit Axe
17:00 Castle Age
15:26 Stone Mining
15:28 Gold Mining
16:24 Loom
18:15 Bow Saw
18:08 Heavy Plow
21:17 Forging
21:07 Scale Mail Armor
22:37 Wheelbarrow
22:27 Town Watch
24:03 Fletching
Connection lost

Rejoining the realm…

Still unreachable

The connection could not be restored.

Session expired

The server has moved on; the page needs a fresh start.